 Dungeon Crawl Stone Soup version 0.28-b1-25-g9875b3fc8c (webtiles) character file.

Game seed: 1312317081381662795

11 browni3141 the Chiller (level 2, -5/19 HPs)
             Began as a Vampire Ice Elementalist on Feb 3, 2022.
             Slain by a gnoll (10 damage)
             ... on level 1 of the Dungeon.
             The game lasted 00:00:49 (228 turns).

browni3141 the Chiller (Vampire Ice Elementalist)    Turns: 228, Time: 00:00:50

Health: -5/19      AC:  2    Str:  7    XL:     2   Next: 13%
Magic:  2/5        EV: 12    Int: 17    God:
Gold:   17         SH:  0    Dex: 14    Spells: 4/5 levels left

rFire   . . .      SeeInvis +   (no weapon)
rCold   . . .      Faith    .   (no shield)
rNeg    . . .      Spirit   .   a - +0 robe
rPois   .          Reflect  .   (no helmet)
rElec   .          Harm     .   (no cloak)
rCorr   .          Rampage  .   (no gloves)
Will    .....                   (no boots)
Stlth   ++........              (no amulet)
HPRegen 0.26/turn               (no ring)
MPRegen 0.09/turn               (no ring)

@: healing quickly
A: alive, fangs 3, see invisible, vampiric 1
a: Exsanguinate


You were on level 1 of the Dungeon.
You visited 1 branch of the dungeon, and saw 1 of its levels.

You collected 17 gold pieces.

Inventory:

Armour
 a - a +0 robe (worn)


   Skills:
 - Level 2.1 Dodging
 - Level 3.0 Stealth
 + Level 2.2 Spellcasting
 * Level 4.3 Ice Magic


You had 4 spell levels left.
You knew the following spells:

 Your Spells              Type           Power      Damage    Failure   Level
a - Freeze                Ice            64%        1d8       3%          1

Your spell library contained the following spells:

 Spells                   Type           Power      Damage    Failure   Level
 Frozen Ramparts          Ice            32%        1d5       10%         3
 Ozocubu's Armour         Ice            16%        N/A       10%         3
 Hailstorm                Conj/Ice       9%         3d4       58%         4


Dungeon Overview and Level Annotations

Branches:
Dungeon (1/15)

Altars:


Innate Abilities, Weirdness & Mutations

Your natural rate of healing is accelerated.
You have razor-sharp teeth.
You have supernaturally acute eyesight. (SInv)
You are afflicted with vampirism.


Message History

Something bites the plant.
The plant begins to die.
A jackal comes into view. x2
You freeze the jackal.
The jackal is severely wounded.
The jackal barks!
A hobgoblin comes into view.
The jackal barely misses you.
You freeze the jackal.
You kill the jackal!
The hobgoblin shouts!
A nearby plant withers and dies.
You have reached level 2!
You freeze the jackal!
You kill the jackal!
A nearby plant withers and dies. x2
There is an open door here.
You freeze the jackal.
The jackal is almost dead.
The jackal misses you. The jackal bites you. The jackal barely misses you.
You see here a bat corpse.
The jackal completely misses you. The jackal closely misses you.
You freeze the jackal!
You kill the jackal!
You freeze the gnoll.
The gnoll is lightly wounded.
The gnoll barely misses you.
You freeze the gnoll.
The gnoll is heavily wounded.
The gnoll hits you with a +0 flail!
A quokka comes into view.
The quokka misses you. The quokka barely misses you.
The gnoll hits you with a +0 flail! The quokka bites you.
* * * LOW HITPOINT WARNING * * *
The gnoll hits you with a +0 flail!
Ouch! That really hurt!
You die...

.#.#g#.##.#######.###.##.#.#
.#.#.#....# #.....##.##.#g#
.#.#.#########.....##.##.#.#
...................##.#..#.#
##.##..............##.#.##†#
#.##..........#.#.##.#.
#.###### #........######g..#
#...gg.. #..'#≈≈§##....gr..#
######..
##..#.....#.....@#.# #..
....≈..<..≈......#.#
#.######..
#...≈..⌠..≈..?...#.#
#.........
#...#.....#......#..
########.g
#..###≈≈≈###≈≈≈####. #..
#..# .....#.... .# ### ...
...(..≈..⌠. #. ......≈....
#......#.


You could see a gnoll, a quokka and a hobgoblin.

Vanquished Creatures
  A ball python (D:1)
  2 bats (D:1)
  An endoplasm (D:1)
  A goblin (D:1)
  3 jackals (D:1)
8 creatures vanquished.

Vanquished Creatures (others)
  7 plants (D:1)
7 creatures vanquished.

Grand Total: 15 creatures vanquished

Notes
Turn   | Place    | Note
-------+----------+-------------------------------------------
     0 | D:1      | browni3141 the Vampire Ice Elementalist began the quest for
                  | the Orb.
     0 | D:1      | Reached XP level 1. HP: 13/13 MP: 3/3
   163 | D:1      | Reached XP level 2. HP: 19/19 MP: 1/5
   228 | D:1      | Slain by a gnoll

Illustrated notes

Levels and vault maps discovered:
D:1:      dpeg_arrival_rooms_with_view, layout_basic, kennysheep_small_spiral,
          nicolae_grassy_gnolls

Action                   || total
-------------------------++-------
 Cast: Freeze            ||    14
Armor: Robe              ||     3
Dodge: Dodged            ||    13
